 Dungeon Crawl Stone Soup version 0.20.1-1-g8b1a95d (webtiles) character file.

416 Jerry the Chopper (level 6, -2/57 HPs)
             Began as a Hill Orc Chaos Knight on Oct 20, 2017.
             Slain by Jerry's ghost (7 damage)
             ... on level 3 of the Dungeon.
             The game lasted 00:07:59 (2428 turns).

Jerry the Chopper (Hill Orc Chaos Knight)           Turns: 2428, Time: 00:07:59

Health: -2/57      AC:  6    Str: 15 (17) XL:     6   Next: 92%
Magic:  5/6        EV: 11    Int: 12      God:    Xom [..*...]
Gold:   116        SH:  0    Dex: 10      Spells: 5/5 levels left

rFire    . . .     SeeInvis .   a - +1 hand axe (chaos)
rCold    . . .     Gourm    +   (no shield)
rNeg     . . .     Faith    .   b - +2 leather armour
rPois    .         Spirit   .   (no helmet)
rElec    .         Reflect  .   (no cloak)
rCorr    .         Harm     .   h - +0 pair of gloves
MR       .....                  (no boots)
Stlth    +.........             f - amulet of the gourmand
Regen    0.2/turn               (no ring)
MPRegen  0.1/turn               (no ring)

@: lethally poisoned (-2 -> -10), berserk cooldown, slowed, drained, very slow
A: claws 1, deterioration 2, high mp 1
a: Renounce Religion


You were on level 3 of the Dungeon.
You worshipped Xom.
You were a toy of Xom.
You were not hungry.

You visited 1 branch of the dungeon, and saw 3 of its levels.

You collected 116 gold pieces.

Inventory:

Hand Weapons
 a - a +1 hand axe of chaos (weapon)
Armour
 b - a +2 leather armour (worn)
 h - a +0 pair of gloves (worn)
 i - a +0 buckler
Jewellery
 f - an amulet of the gourmand (around neck)
Scrolls
 g - a scroll of teleportation
Potions
 d - a potion of heal wounds
 e - a potion of degeneration {unknown}
 n - a potion of invisibility {unknown}
 p - a potion of agility {unknown}
Comestibles
 c - a bread ration
 j - a meat ration
 q - a royal jelly


   Skills:
 - Level 6.2(5.9) Fighting
 + Level 6.2(5.8) Axes
 + Level 4.9(4.5) Armour
 - Level 0.7(0.4) Dodging


You had 5 spell levels left.
You didn't know any spells.

Dungeon Overview and Level Annotations

Branches:
Dungeon (3/15)

Altars:
Kikubaaqudgha
Makhleb
Zin

Annotations:
D:3 Jerry's ghost, amateur HOCK


Innate Abilities, Weirdness & Mutations

You have sharp fingernails.
Your body often deteriorates upon taking damage.
You have an increased reservoir of magic. (+10% MP)


Message History

Something hits you but does no damage.
You hit something. You freeze something.
You feel very sick. Something hits you. x2
You feel your power leaking away.
You barely miss something.
You feel sick. Something hits you!
You feel drained.
* * * LOW HITPOINT WARNING * * *
You barely miss something.
You feel sick. Something completely misses you.
You miss something.
You feel sick. Something hits you.
* * * LOW HITPOINT WARNING * * *
Something burns you.
* * * LOW HITPOINT WARNING * * *
Something hits you.
* * * LOW HITPOINT WARNING * * *
Something burns you.
* * * LOW HITPOINT WARNING * * *
You hit something.
* * * LOW HITPOINT WARNING * * *
You feel sick. Something hits you!
You die...

..<.'._⌠# #.# ...##8### #.#
######### ##.## ##......# #.>.#
...# >#.# #...# # # ####..#.#
#...#####.##<# ......#.#
#...##...... . ......#.#
######{..##.##.##.##
.######.####....@...........?..
...# #...................##
.#.# #..###.............## .#.#
#..# ####.#...#..#####. ##.#
#.)# #.#...#........ #.# #..##
#.#...#.######. #.####...#
#.#...#.# ##......#.# #.......#
.....##...# #.......#


There were no monsters in sight!

Vanquished Creatures
  Sigmund (D:2)
  A swamp drake (D:2)
  Jessica (D:2)
  Robin (D:2)
  4 adders
  A shadow imp (D:2)
  2 oozes
  2 worms (D:2)
  3 leopard geckos (D:1)
  8 bats
  4 giant cockroaches
  11 goblins
  11 hobgoblins
  3 jackals (D:1)
  6 kobolds
  A quokka (D:2)
  A ball python (D:2)
  5 frilled lizards
  7 rats
73 creatures vanquished.

Notes
Turn   | Place    | Note
-------+----------+-------------------------------------------
     0 | D:1      | Jerry the Hill Orc Chaos Knight began the quest for the Orb.
     0 | D:1      | Reached XP level 1. HP: 19/19 MP: 1/1
    64 | D:1      | Reached XP level 2. HP: 26/27 MP: 2/2
   292 | D:1      | Reached XP level 3. HP: 33/33 MP: 3/3
   479 | D:1      | XOM: divination: magic mapping
   997 | D:2      | Noticed Robin
  1014 | D:2      | Reached XP level 4. HP: 34/41 MP: 4/4
  1027 | D:2      | Killed Robin
  1039 | D:2      | Noticed a swamp drake
  1039 | D:2      | a worm changed into a swamp drake
  1041 | D:2      | XOM: potion effect (haste)
  1041 | D:2      | XOM: butterfly on damage
  1044 | D:2      | XOM: enchant monster (good)
  1047 | D:2      | Killed a swamp drake
  1047 | D:2      | Reached skill level 5 in Fighting
  1047 | D:2      | Reached skill level 5 in Axes
  1047 | D:2      | Reached XP level 5. HP: 34/48 MP: 5/5
  1060 | D:2      | XOM: cloud trail
  1137 | D:2      | Noticed Sigmund
  1138 | D:2      | Gained mutation: You have an increased reservoir of magic. (+10% MP) [potion of mutation]
  1138 | D:2      | Gained mutation: Your body sometimes deteriorates upon taking damage. [potion of mutation]
  1138 | D:2      | Gained mutation: Your body often deteriorates upon taking damage. [potion of mutation]
  1138 | D:2      | Gained mutation: You have sharp fingernails. [potion of mutation]
  1142 | D:2      | XOM: butterfly on damage
  1146 | D:2      | XOM: polymorph butterfly -> hound
  1183 | D:2      | Killed Sigmund
  1183 | D:2      | Reached XP level 6. HP: 33/57 MP: 6/6
  1354 | D:2      | Found a burning altar of Makhleb.
  1357 | D:2      | XOM: polymorph crimson imp -> shadow imp
  1400 | D:2      | XOM: scenery: 1 doors open
  1587 | D:2      | XOM: confuse monster(s)
  1658 | D:2      | Noticed Jessica
  1664 | D:2      | Killed Jessica
  1787 | D:2      | XOM: god gift: emerald potion {god gift}
  2194 | D:3      | Found a glowing silver altar of Zin.
  2194 | D:3      | Found an ancient bone altar of Kikubaaqudgha.
  2302 | D:3      | XOM: mild Necr miscast
  2314 | D:3      | XOM: silly message
  2346 | D:3      | Noticed Jerry's ghost (amateur HOCK)
  2349 | D:3      | XOM: blink monster(s)
  2354 | D:3      | XOM: harmless Ice miscast
  2356 | D:3      | XOM: enchant monster (good)
  2385 | D:3      | XOM: harmless Fire miscast
  2428 | D:3      | Slain by Jerry's ghost

Skill      XL: |  1  2  3  4  5  6 |
---------------+-------------------+-----
Fighting       | 4 5 6 |  6.2
Armour         | 3 4 |  4.9
Axes           | 5 6 |  6.2
Dodging        | |  0.7

Action                   |  1- 3 |  4- 6 || total
-------------------------+-------+-------++-------
Melee: Hand axe          |    91 |   149 ||   240
  Use: Potion            |     1 |     3 ||     4
       Scroll            |       |     8 ||     8
 Stab: Confused          |       |     2 ||     2
       Petrified         |       |    12 ||    12
  Eat: Chunk             |       |     6 ||     6
Armor: Leather armour    |    45 |    39 ||    84
Dodge: Dodged            |    73 |    45 ||   118
